[Event "Frauenbundesliga 2021-22"]
[Site "Germany"]
[Date "2022.05.27"]
[Round "4.13"]
[White "Sliwicka, Alicja"]
[Black "Rogule, Laura"]
[Result "1/2-1/2"]
[ECO "B80"]
[WhiteElo "2273"]
[BlackElo "2297"]
[Annotator "TA"]
[PlyCount "76"]
[EventDate "2021.11.26"]
[EventType "team-tourn"]
[EventCountry "GER"]
[SourceTitle "playchess.com"]
[Source "ChessBase"]
[SourceQuality "1"]
[WhiteTeam "Rodewisch"]
[BlackTeam "Loeberitz"]
[TimeControl "40/5400+30:1800+30"]

1. e4 c5 2. Nf3 e6 3. d4 cxd4 4. Nxd4 Nf6 5. Nc3 d6 6. g3 Be7 7. Bg2 O-O 8. O-O Nc6 9. Re1 Nxd4 {[%emt 0:07:35] B80: Sicilian Scheveningen: 6 g3 and 6 Be3, including English Attack.} 10. Qxd4 e5 11. Qd3 h6 {[%emt 0:02:42] White is slightly better.} 12. Be3 {[%emt 0:02:37] [#]} a6 $146 ({Predecessor:} 12... Be6 13. a4 a6 14. a5 Rc8 15. Na4 Rc6 16. Nb6 Ng4 17. c4 Nxe3 18. Rxe3 Rxb6 19. axb6 Qxb6 {1-0 (45) Damaso,R (2374)-Santos,A (2255) Sintra 2013}) 13. a4 b6 14. Na2 Bb7 15. c4 a5 16. Nc3 Bc6 17. Red1 Qc7 18. b3 Qb7 19. Ra2 Ne8 20. f4 Nc7 21. Nd5 Bxd5 22. exd5 {[%emt 0:00:06] Strongly threatening fxe5.} exf4 23. Bxf4 Rfe8 (23... Na6 $14) 24. Rf2 $1 $16 {[%emt 0:00:40][%cal Of4h6] And now Bxh6! would win. White is much more active.} Na6 {[%emt 0:01:53] [#]} 25. Qf3 (25. Bxh6 $1 $16 Nc5 26. Qc2 $1) 25... Bf8 26. Rdf1 (26. Be3 $14 {might be stronger.}) 26... Nc5 $11 27. Bh3 (27. Bc1 {is interesting.} Re7 28. h4 Qc7 29. Bh3) 27... Qe7 28. Bf5 {[%emt 0:07:38] aiming for Bb1.} Qf6 (28... g6 $11 29. Bc2 Bg7) 29. Bc2 $16 g5 (29... Ra7 $16) 30. Qg4 $18 Bg7 (30... Ne4 $16 {was necessary.}) 31. Bc1 Qd4 32. Qf5 Ra7 33. Bb1 $2 (33. Kg2 $18 {is more deadly. Black must now prevent Qh7+.} Ne4 34. Re1 $1) 33... Re2 $16 34. Kg2 $1 Rae7 35. Qc8+ (35. h4 $5 gxh4 36. Kh3 Rxf2 37. Rxf2 $11) 35... Bf8 (35... Re8 $11 36. Qf5 Qf6) 36. Qf5 $14 {[%emt 0:01:06][%csl Gb1][%cal Rf5h7] Dancing on a razor blade.} Bg7 $1 (36... Qg7 37. Rxe2 Rxe2+ 38. Rf2 Rxf2+ 39. Qxf2 $16) 37. Qc8+ (37. h4 $5 gxh4 {[#]} 38. Bxh6 $1 Rxf2+ 39. Rxf2 Bxh6 40. Qh7+ Kf8 41. Qxh6+ Ke8 42. Qh7 $14 (42. Qxd6 $2 h3+ 43. Kxh3 Qxf2 $19) (42. Qxh4 Qxh4 43. gxh4 Kf8 $14)) 37... Bf8 38. Qf5 {[%emt 0:00:21][%csl Gb1][%cal Rf5h7] Against Nd3} Bg7 $1 {[%emt 0:00:35] Weighted Error Value: White=0.15 (very precise) /Black=0.17 (very precise)} ({Don't do} 38... Qg7 39. Rxe2 Rxe2+ 40. Rf2 Rxf2+ 41. Qxf2 $16) 1/2-1/2

[Event "Frauenbundesliga 2021-22"]
[Site "Germany"]
[Date "2022.05.27"]
[Round "4.14"]
[White "Berzina, Ilze"]
[Black "Lubbe, Melanie"]
[Result "0-1"]
[ECO "B52"]
[WhiteElo "2180"]
[BlackElo "2308"]
[Annotator "TA"]
[PlyCount "80"]
[EventDate "2021.11.26"]
[EventType "team-tourn"]
[EventCountry "GER"]
[SourceTitle "playchess.com"]
[Source "ChessBase"]
[SourceQuality "1"]
[WhiteTeam "Loeberitz"]
[BlackTeam "Rodewisch"]
[TimeControl "40/5400+30:1800+30"]

1. e4 c5 2. Nf3 d6 3. Bb5+ Bd7 4. Bxd7+ Qxd7 5. c4 Nf6 6. Nc3 Nc6 7. d4 cxd4 8. Nxd4 g6 9. b3 Bg7 10. Bb2 O-O 11. O-O {[%emt 0:00:46] [#]} h5 $146 {[%emt 0:16:05] B52: Sicilian: Moscow Variation with 3...Bd7.} ({Predecessor:} 11... Rac8 12. Re1 Rfd8 13. Nd5 Ne8 14. Qd2 e6 15. Ne3 Nf6 16. Qc2 d5 17. e5 Nh5 18. Rad1 Qe7 19. g3 Rb8 20. Bc3 Qa3 21. Rd3 a5 22. Red1 Qc5 23. Qd2 Rdc8 {½-½ (23) Yu,Y (2725)-Lu,S (2607) Shenzhen 2016}) 12. h3 Kh7 13. Re1 Nxd4 {[%emt 0:09:56] White is slightly better.} 14. Qxd4 Ng4 15. Qd2 Ne5 16. Nd5 e6 17. Nc3 Rfd8 (17... Qd8 $14 {deserves consideration.}) 18. Rad1 Qe7 19. Nb5 a6 20. Nxd6 b6 21. Ba3 Nc6 (21... g5 $16 {was worth a try.} 22. Qe3 Rab8) 22. Qf4 $18 Rd7 (22... f6 $142 23. Qe3 Qc7) 23. e5 Qd8 24. Rd3 Qc7 25. Rf3 Kg8 26. g4 {[%emt 0:04:42] Black must now prevent gxh5.} h4 27. c5 (27. Kg2 $142) 27... bxc5 $16 28. Bxc5 Rad8 (28... Qa5 $16 29. b4 Qxa2) 29. Kg2 $1 $18 a5 30. a3 {[%emt 0:01:54] Inhibits Nb4.} Rb8 31. Nc4 (31. b4 $18) 31... Rb5 32. Bd6 Qb7 33. Ree3 Rd5 {[%emt 0:00:16] And now ...Rd4 would win.} 34. Re4 {[%emt 0:00:45][%cal Be3e4,Be4c4,Bc4c8][%mdl 32] Inhibits Rd4.} Rd1 (34... g5 $1 $14 {is superior.} 35. Qe3 (35. Qxg5 Nd4 $16) 35... a4) 35. Nb2 $2 {[%emt 0:00:34][%mdl 8192] [#]} (35. a4 $16 {and life is bright.}) 35... Rb1 $2 ({Black should play} 35... R1xd6 $1 $19 36. exd6 Bxb2) 36. Na4 $2 {[%emt 0:01:21][%mdl 8192] [#]} (36. Nc4 $11 {and White has nothing to worry.}) 36... Qb5 $4 {[%emt 0:01:55][%mdl 8192] The board is on fire.} (36... Nxe5 $1 $19 37. Bxe5 Qb5) 37. Rc4 {[%emt 0:00:13] Strongly threatening Nc3.} Nxe5 38. Nc3 $1 Rxd6 39. Rc8+ ({Weaker is} 39. Nxb1 Qd5 40. a4 (40. Rc8+ Kh7 $17) 40... f5 41. gxf5 g5 $15) 39... Kh7 {[%emt 0:00:08] ( -> ...Qf1+)} 40. g5 $4 (40. Nxb5 $18 Rdd1 {[#]} 41. Qh2 $1 Rg1+ 42. Qxg1 Rxg1+ 43. Kxg1 Nxf3+ 44. Kg2 Ne1+ 45. Kf1) 40... Qf1+ {[%emt 0:00:30] Never resign too early!  Weighted Error Value: White=0.70/Black=0.65} 0-1

[Event "Frauenbundesliga 2021-22"]
[Site "Germany"]
[Date "2022.05.27"]
[Round "4.15"]
[White "Movsesian, Julia"]
[Black "Otikova, Elina"]
[Result "1/2-1/2"]
[ECO "A11"]
[WhiteElo "2313"]
[BlackElo "2090"]
[Annotator "TA"]
[PlyCount "82"]
[EventDate "2021.11.26"]
[EventType "team-tourn"]
[EventCountry "GER"]
[SourceTitle "playchess.com"]
[Source "ChessBase"]
[SourceQuality "1"]
[WhiteTeam "Rodewisch"]
[BlackTeam "Loeberitz"]
[TimeControl "40/5400+30:1800+30"]

1. Nf3 d5 2. g3 c6 3. Bg2 Bg4 4. c4 Nd7 5. O-O dxc4 (5... Bxf3 $11 6. Bxf3 dxc4) 6. Na3 $1 $14 {[%emt 0:05:54] [#] A11: English Opening: 1...c6.} e5 $146 ({Predecessor:} 6... g6 7. Nxc4 Bg7 8. d4 Ngf6 9. Nfe5 Be6 10. e4 O-O 11. Be3 Ng4 12. Nxg4 Bxc4 {0-1 (47) Tokhirjonova,G (2415)-Daggupati,B (2311) Charlotte 2020}) 7. Nxc4 Qc7 (7... e4 $14) 8. d4 $18 {[%emt 0:03:31][%cal Rd4e5] White is clearly better.} Bxf3 9. Bxf3 {[%emt 0:01:21] Strongly threatening dxe5.} Ngf6 $2 (9... Bd6 $16 10. Qb3 Nb6) 10. dxe5 $1 Nxe5 11. Nxe5 (11. Bf4 $18 {and the rest is easy.} Nfd7 12. Bg4) 11... Qxe5 $16 12. Bf4 Qe6 {[%emt 0:01:01] [#]} 13. Rc1 $1 Be7 {[%emt 0:06:35] [#]} 14. Qa4 (14. Rc3 $1 $16 ) 14... O-O $1 $14 15. Rc3 Nd5 {[%emt 0:03:02] Prevents Re3.} 16. Bxd5 Qxd5 17. Rd1 Qf5 18. Qb3 Bf6 19. Rf3 {[%emt 0:05:28] Hoping for Bd6.} Qb5 20. Qxb5 cxb5 21. Rb3 {[%emt 0:06:01] White is more active.} Rfe8 22. Rxb5 Rxe2 23. Rxb7 {[%emt 0:01:30] Black must now prevent b4.} Rxb2 24. Rdd7 Rxb7 25. Rxb7 $11 {[%emt 0:00:01][%mdl 4096] Endgame KRB-KRB} Bd4 26. Be3 Bxe3 27. fxe3 {[%emt 0:00:01] KR-KR} g6 28. Kf2 a5 29. a4 h5 (29... Rc8 $1 $11) 30. Kf3 Kg7 31. Rb6 (31. Rb5 $14) 31... f6 32. Rb7+ Kh6 33. h4 Ra6 {[%emt 0:00:11] Inhibits Rb6.} 34. Rb5 Kg7 (34... g5 $1 $11) 35. Kf4 Kf7 36. e4 Ke6 37. g4 ({White should try} 37. Rd5 $14) 37... hxg4 {[%emt 0:01:00] The position is equal.} 38. Kxg4 Ra8 39. h5 gxh5+ 40. Rxh5 Rg8+ 41. Kf4 Rg5 {[%emt 0:31:10] Black defended with fortune.  Weighted Error Value: White=0.18 (very precise) /Black=0.24 (precise)} 1/2-1/2

[Event "Frauenbundesliga 2021-22"]
[Site "Germany"]
[Date "2022.05.27"]
[Round "4.16"]
[White "Naumann, Nadine"]
[Black "Theissl Pokorna, Regina"]
[Result "0-1"]
[ECO "C60"]
[WhiteElo "1951"]
[BlackElo "2302"]
[Annotator "TA"]
[PlyCount "128"]
[EventDate "2021.11.26"]
[EventType "team-tourn"]
[EventCountry "GER"]
[SourceTitle "playchess.com"]
[Source "ChessBase"]
[SourceQuality "1"]
[WhiteTeam "Loeberitz"]
[BlackTeam "Rodewisch"]
[TimeControl "40/5400+30:1800+30"]

1. e4 e5 2. Nf3 Nc6 3. Bb5 Nge7 4. O-O g6 5. d4 exd4 6. Bxc6 {[%emt 0:02:24] C60: Ruy Lopez: Unusual Black 3rd moves and 3...g6.} Nxc6 7. Nxd4 Bg7 8. Nxc6 (8. Be3 $14) 8... bxc6 9. c3 O-O 10. Re1 d6 {[%emt 0:07:23] [#]} 11. Nd2 $146 ({Predecessor:} 11. Be3 c5 12. Nd2 Bd7 13. Qc2 Re8 14. Rad1 Bc6 15. f3 a5 16. Nf1 Qb8 17. Bc1 {½-½ (42) Silva,P-Finlayson,M ICCF email 2013}) 11... c5 12. Qc2 Re8 13. Nf3 Bb7 14. Ng5 (14. Qb3 $2 Bxe4 15. Qc4 Bxf3 16. Rxe8+ Qxe8 $19) 14... Qd7 15. Bd2 Qc6 16. f3 Bc8 17. Qb3 c4 18. Qc2 h6 19. Nh3 Bxh3 20. gxh3 Re5 21. Be3 Rh5 22. Qf2 Rxh3 23. Bxa7 (23. Rad1 $17) 23... Be5 $19 24. f4 {[%emt 0:00:22] [#]} Bxf4 25. Qxf4 {[%emt 0:00:32] Hoping for Bd4.} Rxa7 26. Rf1 Qd7 27. Rf2 Qe6 (27... Rh5 $19 28. Raf1 c6) 28. Raf1 $17 c6 (28... Rxa2 $6 29. Qxf7+ Qxf7 30. Rxf7 $11) 29. a3 (29. Qf6 $17) 29... Re7 $19 30. Rd2 d5 ({And not} 30... Qxe4 31. Qxe4 Rxe4 32. Rxd6 $11) 31. exd5 cxd5 32. Rdf2 Rh5 {[%emt 0:01:34][%cal Bh3h5,Bh5e5,Be5e3][%mdl 32] Active counter play!} 33. Rg2 Kh7 34. Qd2 Re5 35. Kh1 Re3 36. Qf2 Qe4 37. Qg1 $2 (37. Kg1) 37... f5 38. Qf2 Re5 39. Kg1 d4 40. cxd4 Qxd4 41. Rg3 $2 (41. a4) 41... Rxg3+ 42. hxg3 {[%emt 0:00:08][%mdl 4096] Endgame KQR-KQR} Re3 {[%emt 0:00:08] ( -> ...Rxg3+)} 43. Kh2 Qe4 (43... h5 $142 {[%cal Oh5h4] And now ...h4! would win.} 44. Rd1 Qe5) 44. Qg2 Qxg2+ ({Not} 44... Re2 45. Rf2 Re1 46. Qxe4 Rxe4 47. Kg2 $17) 45. Kxg2 {[%emt 0:00:07] KR-KR} Rb3 46. Rf2 Kg7 47. Rd2 Kf6 48. a4 Rb4 49. a5 Ra4 50. Rd6+ $2 (50. Rc2) 50... Kg5 51. Rc6 {[%emt 0:03:50] [#]} Ra2 $1 ({Stronger than} 51... Rxa5 52. Rxc4 Rd5 53. Rb4 $17) 52. Kh3 Rxb2 53. Rxc4 Ra2 54. Rc5 h5 55. Rb5 Ra3 {[%emt 0:02:01] Threatens to win with ...h4.} 56. Kg2 h4 57. gxh4+ Kxh4 {[%emt 0:00:06] Black mates.} 58. Rb6 g5 59. a6 f4 60. Rf6 Kg4 61. Kf2 Ra2+ 62. Kf1 Kf3 63. Ke1 g4 64. Kd1 g3 {[%emt 0:00:09] Weighted Error Value: White=0.72/Black=0.15 (very precise)} 0-1

[Event "Frauenbundesliga 2021-22"]
[Site "Germany"]
[Date "2022.05.27"]
[Round "4.17"]
[White "Miturova, Magdalena"]
[Black "Giebel, Christine"]
[Result "1-0"]
[ECO "C11"]
[WhiteElo "2217"]
[BlackElo "1833"]
[Annotator "TA"]
[PlyCount "53"]
[EventDate "2021.11.26"]
[EventType "team-tourn"]
[EventCountry "GER"]
[SourceTitle "playchess.com"]
[Source "ChessBase"]
[SourceQuality "1"]
[WhiteTeam "Rodewisch"]
[BlackTeam "Loeberitz"]
[TimeControl "40/5400+30:1800+30"]

1. e4 e6 2. d4 d5 3. Nc3 Nf6 4. e5 Nfd7 5. f4 c5 6. Nf3 Qb6 7. Na4 {[%emt 0:04:53] C11: French: Classical System: 4 e5 and 4 Bg5 dxe4.} Qa5+ {[%emt 0:02:34] 7...Qa5+ is better than 7...Qc6.} 8. c3 c4 9. b4 {[%emt 0:00:43] White is slightly better.} cxb3 (9... Qc7 $14) 10. axb3 $16 Nc6 11. Bd2 {[%emt 0:02:38] [#]} Qd8 $146 ({Predecessor:} 11... Qc7 12. Bd3 a5 13. O-O Rb8 14. Qe2 g6 15. Rfc1 Nb6 16. Nb2 Qd8 17. Be3 Bd7 {1-0 (32) Kovar,V (2227)-Sedy,P (2214) Czech Republic 2007}) 12. Bd3 Be7 13. O-O {[%emt 0:00:49] White is more active.} f6 $2 {[%emt 0:11:36][%mdl 8192] [#] Prevents Ng5.} (13... Nb6 14. Nc5 Nd7) (13... Nb6 $16 {is tougher.} 14. Nc5 Nd7) 14. Ng5 $1 $18 {[%emt 0:22:20][%mdl 512] White threatens Qh5+ and mate.} Nf8 15. exf6 Bxf6 16. Ra2 Qc7 $2 (16... g6 {was called for.} 17. Qe2 a6) 17. f5 {[%emt 0:07:21] Strongly threatening Qh5+.} exf5 18. Bf4 Qa5 19. Re1+ Ne7 20. b4 Qd8 21. Nc5 {[%emt 0:00:52] [#] Bb5+ is the strong threat.} Bxg5 22. Bxg5 Nfg6 23. Rae2 Kf7 24. Rxe7+ Nxe7 25. Qh5+ g6 26. Qh4 h6 27. Bxe7 {[%emt 0:00:00] White took control after the opening.  Weighted Error Value: White=0.14 (very precise) /Black=1.03} 1-0

[Event "Frauenbundesliga 2021-22"]
[Site "Germany"]
[Date "2022.05.27"]
[Round "4.18"]
[White "Schuster, Rebekka"]
[Black "Kubikova, Alena"]
[Result "0-1"]
[ECO "B08"]
[WhiteElo "1830"]
[BlackElo "2093"]
[Annotator "TA"]
[PlyCount "56"]
[EventDate "2021.11.26"]
[EventType "team-tourn"]
[EventCountry "GER"]
[SourceTitle "playchess.com"]
[Source "ChessBase"]
[SourceQuality "1"]
[WhiteTeam "Loeberitz"]
[BlackTeam "Rodewisch"]
[TimeControl "40/5400+30:1800+30"]

1. e4 g6 2. d4 Bg7 3. Nc3 d6 4. Be3 c6 5. a4 Nf6 6. h3 O-O 7. Nf3 b6 {[%emt 0:04:34] [#]} 8. b4 $146 {[%emt 0:31:31] B08: Pirc Defence: Classical System.} (8. Be2 $14) ({Predecessor:} 8. Be2 a6 9. O-O Bb7 10. Qd2 b5 11. axb5 cxb5 12. e5 dxe5 13. dxe5 Qxd2 14. Nxd2 Nfd7 15. f4 Nc6 {0-1 (56) Nestorovic,N (2477)-Jumabayev,R (2637) Chess.com INT 2021}) 8... Bb7 $11 9. Bd3 c5 10. bxc5 {[%emt 0:08:56] The position is equal.} bxc5 11. Rb1 Qc8 {[%emt 0:10:12] [#] And now ...cxd4 would win.} 12. dxc5 (12. d5 $142) 12... Nfd7 13. Nd5 Bxd5 14. exd5 {[%emt 0:00:07] c6 is the strong threat.} Nxc5 15. Bb5 {[%emt 0:07:15] [#] This move loses the game for White.} (15. Bxc5 $11 {and White is okay.} Qxc5 16. O-O) 15... a6 $19 16. Be2 Nxa4 {[%emt 0:00:57] Strongly threatening ...Nc3.} 17. Qd3 Nc3 {[%emt 0:03:39] Pair of Knights!} 18. Rb3 Nd7 19. Bd4 (19. O-O $142) 19... Bxd4 20. Qxd4 Nxe2 21. Kxe2 Qxc2+ 22. Nd2 Rfc8 23. Rhb1 Ne5 ({Avoid the trap} 23... Nc5 $2 24. Rc3 Qf5 25. Rf3 $19) 24. R1b2 Qc5 25. Qe4 (25. Qxc5 Rxc5 26. Rb8+ Rxb8 27. Rxb8+ Kg7 28. Re8) 25... f5 26. Qh4 Qxd5 {[%emt 0:01:55] White must now prevent ...a5. Black is clearly winning.} 27. Qxe7 (27. Nf3 $142) 27... Re8 28. Qb7 Nd3+ {[%emt 0:00:40] Weighted Error Value: White=0.72/Black=0.11 (very precise)} 0-1

[Event "Frauenbundesliga 2021-22"]
[Site "Germany"]
[Date "2022.05.27"]
[Round "4.19"]
[White "Cosma, Elena-Luminita"]
[Black "Klek, Hanna Marie"]
[Result "1/2-1/2"]
[ECO "E06"]
[WhiteElo "2277"]
[BlackElo "2362"]
[Annotator "TA"]
[PlyCount "82"]
[EventDate "2021.11.26"]
[EventType "team-tourn"]
[EventCountry "GER"]
[SourceTitle "playchess.com"]
[Source "ChessBase"]
[SourceQuality "1"]
[WhiteTeam "Hemer"]
[BlackTeam "Deizisau"]
[TimeControl "40/5400+30:1800+30"]

1. d4 d5 2. Nf3 Nf6 3. g3 e6 4. Bg2 Be7 5. O-O O-O 6. c4 c6 7. Qc2 b6 $1 {[%emt 0:00:06][%mdl 4] [#] now scores much better than the old 7...Nbd7.} 8. Nfd2 $146 {[%emt 0:01:14] E06: Closed Catalan: Early deviations.} ({Predecessor:} 8. b3 Bb7 9. Bb2 Nbd7 10. Rd1 Rc8 11. Nc3 c5 12. cxd5 exd5 13. Rac1 Re8 14. Qf5 c4 15. Ne5 g6 16. Qh3 cxb3 17. axb3 Nf8 18. e3 h5 19. f4 Rc7 20. Bf3 a6 21. Qg2 b5 {0-1 (35) Wojtaszek,R (2700)-Duda,J (2756) Bydgoszcz 2021}) 8... Ba6 9. Rd1 Nbd7 10. e4 dxc4 11. Nxc4 Rc8 12. Bf4 Bxc4 (12... Nd5 $11 {keeps the balance.}) 13. Qxc4 $16 b5 14. Qe2 {[%emt 0:01:50] White is more active.} Qb6 15. a4 a6 16. Be3 Qb8 17. axb5 axb5 18. Nd2 c5 19. dxc5 (19. Ra5 $16) 19... Bxc5 $11 20. Bxc5 Rxc5 21. Nb3 Rc4 22. Na5 Rcc8 23. Rd4 Ne5 24. Rad1 Qb6 25. b4 Rc1 26. Qb2 Rxd1+ 27. Rxd1 Qc7 28. h3 h6 {[%emt 0:01:50] The position is equal.} 29. Qd4 (29. Rc1 $5 Qb8 30. Qc3 $11) 29... Rc8 30. Nb3 Nc4 31. Nc5 e5 32. Qa1 Rd8 33. Bf1 Rxd1 34. Qxd1 Qa7 $1 35. Bxc4 bxc4 {[%emt 0:00:05][%mdl 4096] Endgame KQN-KQN} 36. Qc1 Qa2 37. b5 c3 $1 (37... Qe2 $2 38. Qf1 Qd2 39. Qxc4 Qd1+ 40. Kh2 $16) 38. Qxc3 {[%emt 0:00:07] [#] Hoping for Qb4.} Qb1+ 39. Kg2 {[%emt 0:00:06] Strongly threatening Qa5.} Qxb5 40. Qxe5 Nxe4 41. Qxe4 Qxc5 {[%emt 0:30:05] Weighted Error Value: White=0.06 (flawless) /Black=0.08 (flawless)} 1/2-1/2

[Event "Frauenbundesliga 2021-22"]
[Site "Germany"]
[Date "2022.05.27"]
[Round "4.20"]
[White "Gaponenko, Inna"]
[Black "Voicu-Jagodzinsky, Carmen"]
[Result "1-0"]
[ECO "C11"]
[WhiteElo "2332"]
[BlackElo "2291"]
[Annotator "TA"]
[PlyCount "137"]
[EventDate "2021.11.26"]
[EventType "team-tourn"]
[EventCountry "GER"]
[SourceTitle "playchess.com"]
[Source "ChessBase"]
[SourceQuality "1"]
[WhiteTeam "Deizisau"]
[BlackTeam "Hemer"]
[TimeControl "40/5400+30:1800+30"]

1. e4 e6 2. d4 d5 3. Nc3 Nf6 4. e5 Nfd7 5. f4 c5 6. Nf3 Nc6 7. Be3 a6 8. Qd2 b5 9. Bd3 b4 {[%emt 0:00:28] C11: French: Classical System: 4 e5 and 4 Bg5 dxe4.} 10. Na4 c4 11. Be2 c3 {[%emt 0:00:41] The position is equal.} 12. Qc1 ({Of course not} 12. bxc3 Qa5 13. Nc5 Nxc5 14. dxc5 bxc3 $17) 12... cxb2 13. Qxb2 Be7 14. O-O O-O {[%emt 0:03:38] [#]} 15. c3 $146 ({Predecessor:} 15. Bd3 a5 16. Qb3 Ba6 17. Rac1 Nb6 18. Bxa6 Rxa6 19. Nxb6 Rxb6 20. h3 g6 21. g4 {½-½ (21) Ter Sahakyan,S (2617)-Sumets,A (2566) Montebelluna 2020}) 15... a5 16. c4 (16. f5 $5) 16... Nb6 17. Nxb6 Qxb6 18. f5 f6 19. Bf2 a4 20. Rab1 Kh8 (20... b3 $11 {remains equal.}) 21. exf6 $16 Bxf6 22. cxd5 (22. Ne5 $16) 22... exd5 $11 23. g4 b3 (23... Ba6 $5 ) 24. Ne5 Na5 (24... Bb7 $11 {should be considered.}) 25. Qa3 $14 Qd8 ({Black should try} 25... Ba6 $1 $14 26. Bxa6 Qxa6) 26. Qxa4 $16 {[%emt 0:01:21] White is more active.} Bb7 27. axb3 Qd6 (27... Nc6 {keeps fighting.} 28. Nxc6 Qe8) 28. b4 $2 ({Better is} 28. Qb5 $18) 28... Nc6 $11 29. Qb5 Nxd4 $1 {[%emt 0:00:59][%mdl 64] [#] Remove Defender} 30. Bxd4 Bxe5 31. Bxe5 ({Don't blunder} 31. Qxb7 $2 Bxd4+ 32. Kh1 Ra2 $19) 31... Qxe5 32. Qd3 Ra2 {[%emt 0:01:22] Prevents Qd2.} 33. Rf2 Re8 34. Re1 d4 {[%emt 0:00:24] [#] aiming for ...Qd5.} 35. Bf1 $1 Qxe1 36. Rxa2 Qxb4 37. Qb5 Qxb5 (37... Qe7 38. Re2 Be4 39. Bg2) (37... Qe7 {feels hotter.} 38. Re2 Be4 39. Bg2 Bc6) 38. Bxb5 {[%emt 0:00:01][%mdl 4096] Endgame KRB-KRB} Re4 39. h3 h5 40. Ra7 Bd5 41. Rd7 Re5 42. Kf2 hxg4 43. hxg4 g6 $1 44. f6 {[%emt 0:00:00] Strongly threatening Bd3.} Be6 $1 45. Rb7 {[%emt 0:00:00] Hoping for Bd3.} Rc5 $2 {[%emt 0:04:26][%mdl 8192] White leaves nothing to chance now.} (45... Bxg4 $11 {and Black is okay.} 46. Rb8+ Kh7) 46. Bd3 $18 Bxg4 47. Bxg6 Kg8 48. Rg7+ Kf8 49. Rf7+ Kg8 50. Rg7+ Kf8 51. Rh7 Rf5+ 52. Bxf5 Bxf5 {[%emt 0:00:00] KR-KB} 53. Ra7 d3 54. Ke3 Bg6 55. Rg7 Bf5 56. Rg5 Be6 57. Rg7 Bf5 $1 58. Re7 Bg6 59. Ra7 Bf5 60. Rb7 Bg6 61. Kf4 {[%emt 0:00:25] Threatening mate with Rd7.} Ke8 {[%emt 0:00:27] Prevents Rd7.} (61... d2 $18 62. Rd7 Bc2 63. Rxd2 Bb3) 62. Re7+ {[%emt 0:00:20] White mates.} Kf8 63. Rd7 Ke8 64. Rd4 Kf7 65. Kg5 d2 66. Rd7+ Ke6 67. Rxd2 Bb1 68. Rb2 Bd3 69. Rb7 {[%emt 0:00:09] Weighted Error Value: White=0.34/Black=0.21 (precise)} 1-0

[Event "Frauenbundesliga 2021-22"]
[Site "Germany"]
[Date "2022.05.27"]
[Round "4.21"]
[White "Ciolacu, Alessia-Mihaela"]
[Black "Schleining, Zoya"]
[Result "1/2-1/2"]
[ECO "A88"]
[WhiteElo "2198"]
[BlackElo "2329"]
[Annotator "TA"]
[PlyCount "85"]
[EventDate "2021.11.26"]
[EventType "team-tourn"]
[EventCountry "GER"]
[SourceTitle "playchess.com"]
[Source "ChessBase"]
[SourceQuality "1"]
[WhiteTeam "Hemer"]
[BlackTeam "Deizisau"]
[TimeControl "40/5400+30:1800+30"]

1. d4 d6 2. Nf3 f5 3. g3 Nf6 4. Bg2 g6 5. b3 Bg7 6. Bb2 O-O 7. O-O c6 8. c4 a5 9. Nc3 Na6 10. Qc2 Rb8 {[%emt 0:00:00] A88: Dutch Defence: Leningrad System: 5 Nf3 0-0 6 0-0 d6 7 Nc3 c6.} 11. a3 b5 {[%emt 0:00:00] [#]} 12. Nd2 $146 ({Predecessor:} 12. cxb5 cxb5 13. Rac1 b4 14. Na4 Kh8 15. Nd2 Be6 16. Nc4 Bd5 17. Qd3 bxa3 18. Bxa3 {½-½ (27) Hervo,F-Bricard,E (2375) Chartres 1990}) 12... d5 (12... Qc7 $11 {deserves consideration.}) 13. cxb5 (13. e3 {with more complications.} Ne4 14. cxb5 cxb5 15. Rfc1) 13... cxb5 14. Nf3 Be6 (14... b4 $11 15. Na2 bxa3 16. Bxa3 Ne4) 15. Ne5 {[%emt 0:05:11] Hoping for Nc6.} Qb6 {[%emt 0:00:00] Prevents Nc6.} 16. Rfc1 Rfc8 17. Qd1 Ne4 18. e3 Qd6 (18... b4 $14 19. Ne2 g5) 19. Nd3 ({Better is} 19. Ne2 $16) 19... Bd7 20. f3 Nxc3 21. Bxc3 b4 22. axb4 axb4 23. Be1 Bb5 24. Rc2 Qe6 25. Kf2 (25. Nf4 $16 Qd6 26. Raa2) 25... Bxd3 ({Don't take} 25... Bh6 26. Rxc8+ Qxc8 27. f4 $14) (25... Rxc2+ $1 $11 26. Qxc2 Qb6) 26. Rxc8+ Qxc8 27. Qxd3 Rb6 28. Ra4 Qb7 29. Qd2 e6 30. Bf1 Bf8 31. Bd3 Nc7 32. Qe2 Qc6 33. Ra2 (33. Qc2 $14) 33... Nb5 $11 34. Bxb5 (34. Ra1 {feels hotter.} Nc3 35. Qb2 Bd6 36. Kg2) 34... Qxb5 35. Qxb5 Rxb5 {[%emt 0:00:02][%mdl 4096] Endgame KRB-KRB} 36. Ke2 Rb7 37. Kd3 Kf7 38. Bd2 Bd6 39. Ra8 h5 40. f4 Be7 41. h4 Bd6 42. Ra6 Be7 43. Ra8 {[%emt 0:00:08] Weighted Error Value: White=0.15 (very precise) /Black=0.18 (very precise)} 1/2-1/2